 Dungeon Crawl Stone Soup version 0.18.1-50-g88ac8fd (webtiles) character file.

2754 Peloso the Blocker (level 9, -1/79 HPs)
             Began as a Minotaur Fighter on Sept 25, 2016.
             Slain by an orc warrior
             ... wielding a +0 war axe
              (23 damage)
             ... in a bailey.
             The game lasted 00:21:18 (5583 turns).

Peloso the Blocker (Minotaur Fighter)               Turns: 5583, Time: 00:21:18

Health: -1/79      AC: 17    Str: 22    XL:     9   Next: 41%
Magic:  8/8        EV:  7    Int:  5    God:
Gold:   191        SH: 11    Dex: 12    Spells: 0 memorised, 8 levels left

rFire  . . .     SeeInvis .     a - +0 long sword
rCold  . . .     Gourm    .     n - +0 plate armour
rNeg   + . .     Faith    .     c - +0 shield
rPois  .         Spirit   .     (helmet restricted)
rElec  .         Dismiss  .     i - +0 cloak
rCorr  .         Reflect  .     (no gloves)
SustAt .         Harm     .     E - +1 pair of boots
MR     +....                    (no amulet)
Stlth  ..........               D - ring of positive energy
                                y - ring of protection from magic

@: somewhat resistant to hostile enchantments, extremely unstealthy
A: retaliatory headbutt, horns 2
a: no special abilities


You were in a bailey.
You were not hungry.

You visited 1 branch of the dungeon, and saw 7 of its levels.
You also visited: Bailey.

You collected 287 gold pieces.
You spent 96 gold pieces at shops.

Inventory:

Hand Weapons
 a - a +0 long sword (weapon)
 A - a +2 battleaxe of chopping
 J - a cursed -1 hand axe
 K - a +0 dagger of venom
Armour
 b - a +0 scale mail
 c - a +0 shield (worn)
 i - a +0 cloak (worn)
 n - a +0 plate armour (worn)
 x - a +0 chain mail
 E - a +1 pair of boots (worn)
Jewellery
 v - an uncursed ring of flight
 y - a ring of protection from magic (left hand)
 D - a ring of positive energy (right hand)
Wands
 j - a wand of paralysis (9/24)
Scrolls
 h - a scroll of enchant weapon {unknown}
 k - 2 scrolls of recharging
 p - 3 scrolls of blinking
 r - 3 scrolls of remove curse
 t - a scroll of fear
 B - 2 scrolls of teleportation
 C - a scroll of noise
 H - 2 scrolls of enchant armour
 I - a scroll of amnesia
Potions
 d - 3 potions of magic
 e - a potion of cure mutation
 o - a potion of cancellation
 s - 3 potions of mutation
 u - a potion of lignification
 w - a potion of haste {unknown}
 z - a potion of degeneration {unknown}
 F - a potion of heal wounds
 G - a potion of curing
 M - a potion of brilliance {unknown}
Comestibles
 f - 4 bread rations
 g - a slice of pizza
 l - 2 royal jellies
 m - 2 meat rations
 q - a beef jerky
 L - 7 chunks of flesh


   Skills:
 + Level 7.2 Fighting
 + Level 8.3 Long Blades
 + Level 7.7 Armour
 + Level 4.5 Dodging
 + Level 0.8 Stealth
 + Level 8.7 Shields
 + Level 0.3 Evocations


You had 8 spell levels left.
You didn't know any spells.

Dungeon Overview and Level Annotations

Branches:
Dungeon (7/15)
 Temple: D:4-7

Altars:
Cheibriados
Gozag
Ru
Sif Muna
Vehumet

Shops:
D:6 !

Annotations:
D:7 Joseph


Innate Abilities, Weirdness & Mutations

You reflexively headbutt those who attack you in melee.
You have a pair of horns on your head.


Message History

* * * LOW HITPOINT WARNING * * *
The orc warrior hits you but does no damage.
You completely miss the orc warrior.
The orc warrior is almost dead.
You block the orc warrior's attack.
You hit the orc warrior.
You kill the orc warrior!
The orc warrior hits you but does no damage.
Unknown command.
Evoke which item? (* to show all) (? for menu, Esc to quit)
Zapping:
j - a wand of paralysis (10/24)
Press: ? - help, Shift-Dir - straight line, f - orc warrior
Aim: an orc warrior, wielding a war axe and wearing a plate armour (chance to defeat MR: 46%)
The orc warrior resists with some effort.
This wand has 9 charges left.
The orc warrior barely misses you.
An orc knight comes into view. It is wielding a war axe.
The orc knight roars a battlecry!
The orc warrior goes into a battle-frenzy!
The orc warrior hits you with a war axe!!
You die...

## # ###.## ##.##
###.....### ##.....
##.........###.......
#...........#........
#.........).'........
#.....⌠.....#.....⌠..
#.........o@#........
#.........).#..........
###.........###.........###
###.#'#.o...###
##.....#'#.###
###.....###.###
##.###.....# #)[.......###
##........ .)).......8##.
#......... .)........8#..
#......... ∩....⌠....g'.
#.....⌠...


You could see an orc knight and an orc warrior.

Vanquished Creatures
  An orc knight (Bailey)
  The ghost of blejac99 the Ducker, an amateur DsGl (D:5)
  Eustachio (D:5)
  Duvessa (D:5)
  5 orc warriors (Bailey)
  2 ice beasts
  2 ogres
  Blork the orc (D:4)
  A giant frog (D:6)
  Dowan (D:5)
  2 scorpions
  A crimson imp (D:5)
  An orc priest (D:7)
  3 hounds
  4 orc wizards
  2 centaur skeletons
  2 giant frog skeletons
  3 worker ants
  A hound skeleton (D:5)
  A howler monkey skeleton (D:4)
  A worker ant zombie (D:5)
  3 adders
  15 gnolls
  A shadow imp (D:5)
  An adder skeleton (D:5)
  A worm (D:4)
  4 dart slugs
  4 giant geckos
  28 orcs
  11 bats
  4 giant cockroaches
  31 goblins
  16 hobgoblins
  3 jackals (D:3)
  6 kobolds
  A quokka (D:3)
  3 giant newts
  A jackal skeleton (D:4)
  7 rats
  A bush (D:3)
178 creatures vanquished.

Notes
Turn   | Place    | Note
--------------------------------------------------------------
     0 | D:1      | Peloso the Minotaur Fighter began the quest for the Orb.
     0 | D:1      | Reached XP level 1. HP: 19/19 MP: 0/0
    49 | D:1      | Reached XP level 2. HP: 27/27 MP: 1/1
   239 | D:1      | Reached XP level 3. HP: 33/33 MP: 2/2
   827 | D:2      | Reached skill level 1 in Dodging
   827 | D:2      | Reached XP level 4. HP: 41/41 MP: 3/3
   938 | D:2      | Found a faded altar to an unknown god.
  1662 | D:3      | Found a sacrificial altar of Ru.
  1662 | D:3      | Found a snail-covered altar of Cheibriados.
  1662 | D:3      | Found a radiant altar of Vehumet.
  2074 | D:4      | Reached XP level 5. HP: 41/47 MP: 4/4
  2124 | D:4      | Noticed Blork the orc
  2137 | D:4      | Killed Blork the orc
  2137 | D:4      | Reached skill level 5 in Shields
  2141 | D:4      | Reached XP level 6. HP: 21/53 MP: 5/5
  2175 | D:4      | Reached skill level 5 in Armour
  2838 | D:4      | Reached skill level 5 in Fighting
  3235 | D:5      | Entered Level 5 of the Dungeon
  3253 | D:5      | Reached XP level 7. HP: 60/61 MP: 6/6
  3272 | D:5      | Noticed blejac99's ghost (amateur DsGl)
  3296 | D:5      | Killed blejac99's ghost
  3296 | D:5      | Reached skill level 5 in Long Blades
  3606 | D:5      | Noticed Dowan
  3607 | D:5      | Noticed Duvessa
  3616 | D:5      | Killed Duvessa
  3639 | D:5      | Killed Dowan
  3852 | D:5      | Reached XP level 8. HP: 70/70 MP: 7/7
  3873 | D:5      | Noticed Eustachio
  3952 | D:5      | Killed Eustachio
  4346 | D:6      | Noticed a hill giant
  4507 | D:6      | Found Bophan's Distillery.
  4521 | D:6      | Bought a potion of heal wounds for 60 gold pieces
  4521 | D:6      | Bought a potion of curing for 36 gold pieces
  4531 | D:6      | Found a deep blue altar of Sif Muna.
  4795 | D:7      | Found an opulent altar of Gozag.
  4825 | D:7      | Found a flagged portal.
  4946 | D:7      | Noticed Joseph
  4947 | Bailey   | Entered a bailey
  5105 | Bailey   | Reached XP level 9. HP: 78/78 MP: 8/8
  5145 | Bailey   | Noticed an orc knight
  5159 | Bailey   | Killed an orc knight
  5289 | Bailey   | Noticed an orc knight
  5583 | Bailey   | Noticed an orc knight
  5583 | Bailey   | Slain by an orc warrior

Skill      XL: |  1  2  3  4  5  6  7  8  9 |
---------------+----------------------------+-----
Fighting       | 4 5 6 7 |  7.2
Armour         | 4 5 6 7 |  7.7
Long Blades    | 3 4 5 7 8 |  8.3
Shields        | 4 5 6 8 |  8.7
Dodging        | 1 2 3 4 |  4.5
Stealth        | |  0.8
Evocations     | |  0.3

Action                   |  1- 3 |  4- 6 |  7- 9 || total
-------------------------+-------+-------+-------++-------
Melee: Long sword        |    59 |   194 |   398 ||   651
       Headbutt          |     7 |    41 |    72 ||   120
Evoke: Wand              |       |       |     8 ||     8
  Use: Scroll            |       |     9 |     8 ||    17
       Potion            |       |       |     2 ||     2
  Eat: Chunk             |       |     7 |    10 ||    17
Armor: Scale mail        |    40 |    35 |       ||    75
       Chain mail        |       |    47 |   128 ||   175
       Plate armour      |       |       |    67 ||    67
Dodge: Dodged            |    13 |    46 |   103 ||   162
Block: Shield            |    32 |   108 |   234 ||   374
